 Dungeon Crawl Stone Soup version 0.26-a0-695-g987792ac36 (webtiles) character file.

Game seed: 6533867260344190780

157 jiml777 the Magician (level 5, -2/28 HPs)
             Began as a Deep Elf Air Elementalist on Oct 24, 2020.
             Killed from afar by an orc wizard (5 damage)
             ... with a magic dart
             ... on level 3 of the Dungeon on Oct 25, 2020.
             The game lasted 00:22:13 (2633 turns).

jiml777 the Magician (Deep Elf Air Elementalist)    Turns: 2633, Time: 00:22:14

Health: -2/28      AC:  2    Str:  5    XL:     5   Next: 15%
Magic:  0/13       EV: 13    Int: 21    God:
Gold:   146        SH:  0    Dex: 15    Spells: 3/13 levels left

rFire    + . .     SeeInvis .   o - +0 falchion (elec)
rCold    . . .     Faith    .   (no shield)
rNeg     . . .     Spirit   .   a - +0 robe
rPois    .         Reflect  .   (no helmet)
rElec    .         Harm     .   (no cloak)
rCorr    .         Rampage  .   (no gloves)
MR       +....                  (no boots)
Stlth    ++........             (no amulet)
HPRegen  0.09/turn              e - ring of protection from fire
MPRegen  0.13/turn              p - ring of protection from magic

@: no status effects
A: no striking features
a: no special abilities


You were on level 3 of the Dungeon.
You visited 1 branch of the dungeon, and saw 3 of its levels.

You collected 146 gold pieces.

Inventory:

Hand Weapons
 h - a +0 short sword
 o - a +0 falchion of electrocution (weapon)
Missiles
 d - 39 arrows
 g - 18 poisoned darts (quivered)
Armour
 a - a +0 robe (worn)
Jewellery
 e - a ring of protection from fire (left hand)
 p - a ring of protection from magic (right hand)
Scrolls
 b - 4 scrolls of identify {unknown}
 i - a scroll of magic mapping {unknown}
 k - a scroll of immolation {unknown}
 n - 2 scrolls of fog {unknown}
 q - a scroll of enchant weapon {unknown}
Potions
 c - a potion of flight {unknown}
 f - 2 potions of stabbing {unknown}
 j - a potion of haste {unknown}
 l - a potion of brilliance {unknown}
 m - a potion of mutation {unknown}


   Skills:
 + Level 3.3 Dodging
 + Level 2.7 Stealth
 + Level 4.5 Spellcasting
 + Level 2.6 Conjurations
 + Level 4.1 Air Magic


You had 3 spell levels left.
You knew the following spells:

 Your Spells              Type           Power        Failure   Level
a - Shock                 Conj/Air       ###.         2%          1
b - Swiftness             Air            ###.....     3%          2
c - Static Discharge      Conj/Air       ###.....     9%          3
d - Airstrike             Air            ###.......   21%         4

Your spell library contained the following spells:

 Spells                   Type           Power        Failure   Level
 Lightning Bolt           Conj/Air       ###.......   61%         5


Dungeon Overview and Level Annotations

Branches:
Dungeon (3/15)

Altars:
Okawaru


Message History

The orc wizard closely misses you.
The orc wizard casts a spell.
The orc wizard blinks!
You start resting.
An orc wizard is nearby!
Casting: Shock (safe; 2% risk of failure)
Confirm with . or Enter, or press ? or * to list all spells.
Aiming: Shock (safe; 2% risk of failure)
Press: ? - help, Shift-Dir - straight line The zap hits the orc wizard.
The orc wizard is almost dead.
The zap hits the orc wizard.
The orc wizard is almost dead.
The orc wizard hits you but does no damage.
You closely miss the orc wizard.
The orc wizard is almost dead.
The orc wizard closely misses you. The orc wizard casts a spell at you.
The magic dart hits you.
You die...

#.# #.##
#).##
#.#.####
#.###...#
##.#
##.(#######
#.#
##.......#
###.#
##o.#####.#
....###@#.#
#..#)##.#
#...###.#
#..## #.#
#.. ..#
#.=. ###
#....
#.....
+.....


You could see an orc wizard (fast).

Vanquished Creatures
  A scorpion (D:2)
  3 adders
  An ooze (D:3)
  A worm (D:2)
  2 dart slugs
  2 leopard geckos
  7 orcs (D:3)
  A giant cockroach (D:1)
  7 goblins
  7 hobgoblins
  6 jackals
  2 quokkas
  A ball python (D:1)
  7 bats
  4 frilled lizards
  3 kobolds
  6 rats
61 creatures vanquished.

Notes
Turn   | Place    | Note
-------+----------+-------------------------------------------
     0 | D:1      | jiml777 the Deep Elf Air Elementalist began the quest for
                  | the Orb.
     0 | D:1      | Reached XP level 1. HP: 10/10 MP: 6/6
   191 | D:1      | Reached XP level 2. HP: 15/15 MP: 1/8
   985 | D:2      | Reached XP level 3. HP: 16/19 MP: 2/10
  1469 | D:2      | Noticed a scorpion
  1480 | D:2      | Killed a scorpion
  1480 | D:2      | Reached XP level 4. HP: 8/24 MP: 2/12
  1751 | D:2      | Learned a level 2 spell: Swiftness
  1755 | D:2      | Learned a level 3 spell: Static Discharge
  1760 | D:2      | Learned a level 4 spell: Airstrike
  2061 | D:3      | Found an iron altar of Okawaru.
  2299 | D:3      | Upgraded the game from 0.26-a0-690-gcb57259078 to
                  | 0.26-a0-695-g987792ac36
  2344 | D:3      | Reached XP level 5. HP: 26/28 MP: 8/13
  2633 | D:3      | Killed from afar by an orc wizard

Illustrated notes

Levels and vault maps discovered:
D:1:      minmay_arrival_three_doors, layout_basic
D:2:      layout_loops_cross
D:3:      layout_loops_corners, okawaru_ov_weapons_minmay

Skill      XL: |  1  2  3 |
---------------+----------+-----
Dodging        | 3 |  3.3
Spellcasting   | 4 |  4.5
Conjurations   | 2 |  2.6
Air Magic      | 4 |  4.1
Stealth        | |  2.7

Action                   |  1- 3 |  4- 6 || total
-------------------------+-------+-------++-------
Melee: Short sword       |     1 |       ||     1
       Falchion          |       |     5 ||     5
 Cast: Shock             |    72 |    60 ||   132
Armor: Robe              |     3 |     3 ||     6
Dodge: Dodged            |    21 |    13 ||    34
       Rpst.: Falchion   |       |     1 ||     1

Table legend: (Time is in decaauts)
 A = Elapsed time spent in this place.
 B = Non-inter-level travel time spent in this place.
 C = Inter-level travel time spent in this place.
 D = Time resting spent in this place.
 E = Time spent auto-exploring this place.
 F = Levels seen in this place.
 G = Mean time per level.
                   A        B        C        D        E       F      G
               +--------+--------+--------+--------+--------+-----+--------+
         Total |   2631 |   2568 |     63 |    875 |   1172 |   3 |  877.0 |
       Dungeon |   2631 |   2568 |     63 |    875 |   1172 |   3 |  877.0 |
               +--------+--------+--------+--------+--------+-----+--------+

Top non-repeatable levels by time:
     D:2: 1116 daAuts
     D:1: 870 daAuts
     D:3: 645 daAuts
